 Dungeon Sprint DCSS version 0.27-a0-291-gd9602db6ee (webtiles) character file.

Game seed: 13460414198753761881

280 crux the Martial Artist (level 6, -17/45 HPs)
             Began as an Octopode Transmuter on Feb 9, 2021.
             Was an Initiate of Cheibriados.
             Demolished by a spatial vortex (24 damage)
             ... in the Dungeon (Sprint III: "The Ten Rune Challenge").
             The game lasted 00:03:57 (694 turns).

crux the Martial Artist (Octopode Transmuter)        Turns: 694, Time: 00:03:59

Health: -17/45     AC:  5    Str: 12    XL:     6   Next: 27%
Magic:  11/14      EV: 11    Int: 17    God:    Cheibriados [......]
Gold:   34         SH:  0    Dex: 13    Spells: 10/15 levels left

rFire    x . .     SeeInvis .     - Unarmed
rCold    + + +     Faith    .   (shield currently unavailable)
rNeg     . . .     Spirit   .   (helmet currently unavailable)
rPois    +         Reflect  .   (no amulet)
rElec    .         Harm     .   (no ring)
rCorr    .         Rampage  .   (no ring)
Will     .....     NoTele   +   (no ring)
Stlth    +++.......             (no ring)
HPRegen  0.15/turn              (no ring)
MPRegen  0.14/turn              (no ring)
                                (no ring)
                                (no ring)

@: ice-form, very slow
A: large, almost no armour, stealthy swim, amphibious, 8 rings, (constrict 8),
blink, screaming 1, MP-powered wands
a: End Transformation, Blink, Renounce Religion, Bend Time


You were in the Dungeon.
You worshipped Cheibriados.
Cheibriados was noncommittal.
You were a creature of crystalline ice.
You visited 1 branch You collected 34 gold pieces.

Inventory:

Scrolls
 f - 2 scrolls of holy word {unknown}
 g - a scroll of blinking
 h - 4 scrolls of identify
 i - a scroll of remove curse {unknown}
Potions
 b - a potion of curing
 c - 2 potions of heal wounds
 e - 2 potions of magic
 j - a potion of berserk rage


   Skills:
 + Level 1.6 Fighting
 + Level 4.2 Dodging
 + Level 4.8 Stealth
 + Level 9.2 Unarmed Combat
 + Level 5.4 Spellcasting
 + Level 5.2 Transmutations


You had 10 spell levels left.
You knew the following spells:

 Your Spells              Type           Power        Failure   Level
a - Beastly Appendage     Tmut           44%          1%          1
b - Ice Form              Ice/Tmut       13%          43%         4

Your spell library contained the following spells:

 Spells                   Type           Power        Failure   Level
 Wereblood                Tmut           22%          2%          2
 Animate Skeleton         Necr           8%           14%         1
 Apportation              Tloc           8%           14%         1
 Corona                   Hex            4%           14%         1
 Summon Small Mammal      Summ           16%          14%         1
 Spider Form              Tmut/Pois      6%           14%         3
 Confusing Touch          Hex            4%           38%         3
 Gell's Gravitas          Tloc           2%           38%         3
 Blade Hands              Tmut           11%          41%         5
 Petrify                  Tmut/Erth      13%          43%         4
 Yara's Violent Unravell  Hex/Tmut       6%           78%         5
 Metabolic Englaciation   Hex/Ice        2%           98%         5


Dungeon Overview and Level Annotations

Branches:
Dungeon (1/1)

Altars:
Cheibriados
Fedhas
Gozag
Hepliaklqana
Kikubaaqudgha
Makhleb
Nemelex Xobeh
Qazlal
Sif Muna
Vehumet
Xom
Jiyva
Lugonu


Innate Abilities, Weirdness & Mutations

You cannot wear most types of armour.
You are very stealthy in the water. (Stealth+)
You are amphibious.
You can wear up to eight rings at the same time.
((You can use your tentacles to constrict eight enemies at once.))
((Your skin changes colour to match your surroundings (Stealth+).))
((Your rubbery body absorbs attacks. (AC +1, EV +1)))
You can translocate small distances at will.
((Your flesh is heat resistant. (rF+)))
You occasionally shout uncontrollably at your foes.
You expend magic power (3 MP) to strengthen your wands.


Message History

There is an open door here.
You punch the spatial vortex! You freeze the spatial vortex.
The spatial vortex is moderately damaged.
You hit the spatial vortex.
The spatial vortex is moderately damaged.
There is a snail-covered altar of Cheibriados here.
You bow your head before the altar of Cheibriados.
Cheibriados welcomes you!
Cheibriados begins to support your attributes as your movement slows.
You can now bend time to slow others.
The spatial vortex hits you! Space bends around you.
There is a hazy altar of Hepliaklqana here.
You punch the spatial vortex!
The spatial vortex is heavily damaged.
The spatial vortex hits you!!
Ouch! That really hurt!
* * * LOW HITPOINT WARNING * * *
Space warps horribly around you!!
Ouch! That really hurt!
You die...

....♣♣ ♣♣.# ...♣.♣ ..#
...≈.♣♣♣♣.###+#+###+##
..≈≈..♣...#..........#
.≈≈≈≈♣♣.♣.+.⌠........#
.≈≈≈≈≈≈♣♣E#...######'#
≈≈≈≈≈≈....#.⌠.#__#...#
≈≈≈≈≈.....#.).#_v#...#
≈≈≈.......#+###_Y#...#
..........#...#__#...+
..........#___#__'...#
▓▓▓▓▓▓▓▓▓▓▓▓▓▓▓▓▓▓▓▓▓▓


You could see a spatial vortex.

Vanquished Creatures
  A shadow (D)
  A jelly (D)
  Crazy Yiuf (D)
  A wizard (D)
  A human (D)
  A kobold demonologist (D)
  An ooze (D)
  3 rats (D)
10 creatures vanquished.

Notes
Turn   | Place    | Note
-------+----------+-------------------------------------------
     0 | D        | crux the Octopode Transmuter began the quest for the Orb.
     0 | D        | Reached XP level 1. HP: 13/13 MP: 3/3
    54 | D        | Reached skill level 4 in Unarmed Combat
    57 | D        | Reached XP level 2. HP: 11/18 MP: 3/5
   175 | D        | Noticed Crazy Yiuf
   189 | D        | Reached skill level 1 in Stealth
   189 | D        | Reached skill level 5 in Unarmed Combat
   189 | D        | Reached XP level 3. HP: 23/23 MP: 5/7
   191 | D        | Killed Crazy Yiuf
   225 | D        | Gained mutation: You are covered in fur. (AC +1) [potion of
                  | mutation]
   225 | D        | Lost mutation: You are covered in fur. (AC +1) [potion of
                  | mutation]
   225 | D        | Gained mutation: Your spells are a little harder to cast,
                  | but a little more powerful. [potion of mutation]
   226 | D        | Lost mutation: Your spells are a little harder to cast, but
                  | a little more powerful. [potion of mutation]
   226 | D        | Gained mutation: You are weak. (Str -2) [potion of
                  | mutation]
   226 | D        | Gained mutation: Your body sometimes deteriorates upon
                  | taking damage. [potion of mutation]
   226 | D        | Gained mutation: You are agile. (Dex +2) [potion of
                  | mutation]
   227 | D        | Lost mutation: You are agile. (Dex +2) [potion of mutation]
   227 | D        | Lost mutation: You are weak. (Str -2) [potion of mutation]
   227 | D        | Gained mutation: You are clumsy. (Dex -2) [potion of
                  | mutation]
   227 | D        | Gained mutation: You are somewhat resistant to further
                  | mutation. [potion of mutation]
   228 | D        | Lost mutation: Your body sometimes deteriorates upon taking
                  | damage. [potion of mutation]
   228 | D        | Lost mutation: You are clumsy. (Dex -2) [potion of
                  | mutation]
   228 | D        | Lost mutation: You are somewhat resistant to further
                  | mutation. [potion of mutation]
   228 | D        | Gained mutation: Your magical capacity is low. (-10% MP)
                  | [potion of mutation]
   228 | D        | Gained mutation: You are clumsy. (Dex -2) [potion of
                  | mutation]
   228 | D        | Gained mutation: You are strong-willed. (Will+) [potion of
                  | mutation]
   229 | D        | Lost mutation: You are strong-willed. (Will+) [potion of
                  | mutation]
   229 | D        | Lost mutation: You are clumsy. (Dex -2) [potion of
                  | mutation]
   229 | D        | Lost mutation: Your magical capacity is low. (-10% MP)
                  | [potion of mutation]
   229 | D        | Gained mutation: Your flesh is heat resistant. (rF+)
                  | [potion of mutation]
   229 | D        | Gained mutation: You can translocate small distances at
                  | will. [potion of mutation]
   229 | D        | Gained mutation: You occasionally shout uncontrollably at
                  | your foes. [potion of mutation]
   229 | D        | Gained mutation: You expend magic power (3 MP) to
                  | strengthen your wands. [potion of mutation]
   234 | D        | Noticed a water elemental
   255 | D        | Found a radiant altar of Vehumet.
   256 | D        | Found a shimmering blue altar of Sif Muna.
   256 | D        | Found an ancient bone altar of Kikubaaqudgha.
   256 | D        | Noticed a wizard
   262 | D        | Reached skill level 6 in Unarmed Combat
   262 | D        | Reached XP level 4. HP: 18/28 MP: 7/9
   263 | D        | Killed a wizard
   269 | D        | Learned a level 4 spell: Ice Form
   281 | D        | Upgraded the game from 0.27-a0-287-gd4424db430 to
                  | 0.27-a0-291-gd9602db6ee
   372 | D        | Noticed a shadow
   376 | D        | Killed a shadow
   377 | D        | Reached skill level 8 in Unarmed Combat
   377 | D        | Reached skill level 5 in Spellcasting
   377 | D        | Reached skill level 5 in Transmutations
   377 | D        | Reached XP level 5. HP: 12/33 MP: 6/12
   377 | D        | Reached XP level 6. HP: 14/38 MP: 6/13
   379 | D        | HP: 2/45 [acid (5)]
   381 | D        | Reached skill level 9 in Unarmed Combat
   687 | D        | Found a blossoming altar of Fedhas.
   687 | D        | Found a stormy altar of Qazlal.
   688 | D        | Found a snail-covered altar of Cheibriados.
   688 | D        | Found a burning altar of Makhleb.
   688 | D        | Found a hazy altar of Hepliaklqana.
   688 | D        | Found a shimmering altar of Xom.
   688 | D        | Found an opulent altar of Gozag.
   688 | D        | Found a sparkling altar of Nemelex Xobeh.
   688 | D        | Found a corrupted altar of Lugonu.
   688 | D        | Found a viscous altar of Jiyva.
   688 | D        | Noticed a spatial vortex
   692 | D        | Became a worshipper of Cheibriados the Contemplative
   694 | D        | Demolished by a spatial vortex

Illustrated notes

Levels and vault maps discovered:
D:        dungeon_sprint_mu [sprint_mu_entry_forest, sprint_mu_temple_rooms,
          sprint_mu_d1_horrors, sprint_mu_d2_genie, sprint_mu_d3_branching,
          sprint_mu_orc_legion, sprint_mu_elf_gauntlet, sprint_mu_hive_nellie,
          sprint_mu_lair_fedhas, sprint_mu_vaults_butterflies,
          sprint_mu_slime_circle, sprint_mu_shoals_kraken,
          sprint_mu_snake_twists, sprint_mu_blade_basic, sprint_mu_crypt_lich,
          sprint_mu_tomb_spiral, sprint_mu_vestibule_basic,
          sprint_mu_gehenna_hellfire, sprint_mu_dis_giant,
          sprint_mu_tartarus_statrot, sprint_mu_cocytus_islands, sprint_mu_zot1]

Skill      XL: |  1  2  3  4  5  6 |
---------------+-------------------+-----
Unarmed Combat | 4 5 6 8 9 |  9.2
Stealth        | 1 2 4 |  4.8
Spellcasting   | 3 5 |  5.4
Transmutations | 3 5 |  5.2
Dodging        | 3 4 |  4.2
Fighting       | |  1.6

Action                   |  1- 3 |  4- 6 || total
-------------------------+-------+-------++-------
Melee: Unarmed           |    16 |    13 ||    29
       Tentacles         |     3 |     1 ||     4
       Constrict         |     3 |     1 ||     4
       Kick              |     1 |       ||     1
       Punch             |       |     1 ||     1
 Cast: Beastly Appendage |     5 |       ||     5
       Ice Form          |       |     2 ||     2
  Use: Potion            |     7 |       ||     7
 Stab: Sleeping          |     1 |       ||     1
Armor: Skin              |       |     1 ||     1
Dodge: Dodged            |     5 |     4 ||     9

Table legend: (Time is in decaauts)
 A = Elapsed time spent in this place.
 B = Non-inter-level travel time spent in this place.
 C = Inter-level travel time spent in this place.
 D = Time resting spent in this place.
 E = Time spent auto-exploring this place.
 F = Levels seen in this place.
 G = Mean time per level.
                   A        B        C        D        E       F      G
               +--------+--------+--------+--------+--------+-----+--------+
         Total |    685 |    685 |      0 |    520 |      0 |   1 |  685.0 |
       Dungeon |    685 |    685 |      0 |    520 |      0 |   1 |  685.0 |
               +--------+--------+--------+--------+--------+-----+--------+

Top non-repeatable levels by time:
       D: 685 daAuts
